 Dungeon Crawl Stone Soup version 0.30-a0-800-g7c544603b3 (webtiles) character file.

Game seed: 10281468574105582121

45287 jimonade the Thaumaturge (level 14, 0/111 HPs)
             Began as a Djinni Fire Elementalist on Feb 20, 2023.
             Was a Priest of Ashenzari.
             Killed by an exploding death yak (6 damage)
             ... ignited by their inner flame
             ... on level 5 of the Lair of Beasts on Feb 21, 2023.
             The game lasted 01:16:31 (22171 turns).

jimonade the Thaumaturge (DjFE)                    Turns: 22171, Time: 01:16:31

Health: 0/111      AC: 16    Str: 11    XL:     14   Next: 70%
Gold:   1218       EV: 11    Int: 29    God:    Ashenzari [***...] SH: 12 Dex: 15

rFire   + + +      SeeInvis +    a - staff of fire
rCold   x . .      Faith    .    O - +0 kite shield
rNeg    + . .      Spirit   .    L - +5 ring mail of the Pangnostic God {rN+, Evo, Self} (curse)
rPois   ∞          Reflect  .    v - +1 helmet of the Mantic Yoke {Self, Range} (curse)
rElec   .          Harm     .    (no cloak)
rCorr   .          Rampage  .    h - +0 pair of gloves "Shackled With Me" {Self, Fort} (curse)
Will    +....      Clarity  +    (boots unavailable)
Stlth   +                        q - amulet of the acrobat
HPRegen 0.38/turn                U - +6 ring of intelligence
MPRegen 0.00/turn                S - ring "Suspicion of Ashenzari" {Int+6, Self, Melee} (curse)

@: flying
A: sickness immunity, fire resistance 2, cold vulnerability 1, float, innate
caster, HP casting, extra vitality 1
a: Renounce Religion, Curse Item, Shatter the Chains


You were on level 5 of the Lair of Beasts.
You worshipped Ashenzari.
Ashenzari was most pleased with you.
You visited 3 branches of the dungeon, and saw 17 of its levels.
You also visited: Ossuary and Bailey.

You collected 1218 gold pieces.

Inventory:

Hand Weapons
 b - a +4 dagger
 s - a +0 demon whip of electrocution
 x - a +0 sling
 T - a +0 lajatang
 V - a +1 long sword of electrocution
Missiles
 t - 2 throwing nets
 K - 32 poisoned darts
 Y - 2 curare-tipped darts
Armour
 h - the cursed +0 pair of gloves "Shackled With Me" (worn) {Self, Fort}
   (You found it on level 1 of the Lair of Beasts)

   It has a curse which improves the following skills: Introspection: Fighting
   and Spellcasting.
   Fortitude: Armour and Shields.
 v - the cursed +1 helmet of the Mantic Yoke (worn) {Self, Range}
   (You took it off Robin on level 3 of the Dungeon)

   It has a curse which improves the following skills: Introspection: Fighting
   and Spellcasting.
   Ranged Combat: Ranged Weapons and Throwing.
 L - the cursed +5 ring mail of the Pangnostic God (worn) {rN+, Evo, Self}
   (You found it in a bailey)

   rN:        It protects you from negative energy.
   It has a curse which improves the following skills: Evocations: Evocations.
   Introspection: Fighting and Spellcasting.
 O - a +0 kite shield (worn)
 P - a +2 leather armour of positive energy
 W - +0 acid dragon scales
 Z - +0 steam dragon scales
Magical Staves
 a - a staff of fire (weapon)
 y - a staff of cold
 z - a staff of death
 B - a staff of conjuration
Jewellery
 n - a +6 ring of strength
 q - an amulet of the acrobat (around neck)
 G - a +6 ring of dexterity
 S - the cursed ring "Suspicion of Ashenzari" (right hand) {Int+6, Self, Melee}
   (You found it on level 8 of the Dungeon)

   [ring of intelligence]

   Int:       It affects your intelligence (+6).
   It has a curse which improves the following skills: Introspection: Fighting
   and Spellcasting.
   Melee Combat: Short Blades, Long Blades, Axes, Maces & Flails, Polearms,
   Staves and Unarmed Combat.
 U - a +6 ring of intelligence (left hand)
 X - a ring of positive energy
Wands
 l - a wand of light (5)
 m - a wand of flame (14)
 p - a wand of charming (8)
 w - a wand of digging (2)
 R - a wand of roots (12)
Scrolls
 d - 3 scrolls of fear
 e - 3 scrolls of teleportation
 f - a scroll of enchant armour
 g - 12 scrolls of identify
 r - a scroll of enchant weapon
 A - a scroll of poison
 F - 2 scrolls of magic mapping
 M - 2 scrolls of blinking
 Q - a scroll of summoning
Potions
 c - 3 potions of ambrosia
 i - 5 potions of attraction
 j - 9 potions of heal wounds
 k - 2 potions of cancellation
 o - 6 potions of curing
 u - 2 potions of berserk rage
 C - 6 potions of brilliance
 E - 3 potions of haste
 H - 2 potions of might
 I - 3 potions of resistance
 J - 2 potions of mutation
 N - a potion of invisibility
Miscellaneous
 D - a lightning rod (4/4)


   Skills:
 * Level 9.8(13.8) Fighting
 + Level 0.1(0.3) Short Blades
 + Level 8.3(10.0) Armour
 + Level 6.0 Dodging
 - Level 1.5 Stealth
 * Level 8.9(10.5) Shields
 - Level 14.5(18.3) Spellcasting


You knew the following spells:

 Your Spells              Type           Power      Damage    Failure   Level
a - Foxfire               Conj/Fire      100%       2x1d9     0%          1
b - Scorch                Fire           100%       2d10      0%          2
c - Kindle Blastsparks    Fire/Tloc/Air  100%       2d18      0%          3
d - Inner Flame           Hex/Fire       100%       N/A       0%          3
e - Flame Wave            Conj/Fire      100%       2d21      1%          4
f - Kiss of Death         Conj/Necr      100%       2d13      0%          1
g - Searing Ray           Conj           100%       2d8       0%          2
h - Ozocubu's Armour      Ice            93%        N/A       0%          3
i - Mephitic Cloud        Conj/Pois/Air  93%        N/A       0%          3
j - Yara's Violent Unrav  Hex/Tmut       46%        3d18      1%          5
k - Summon Mana Viper     Hex/Summ       93%        N/A       1%          5
Your spell library was empty.

Dungeon Overview and Level Annotations

Branches:
Dungeon (11/15)            Temple (1/1) D:6            Lair (5/5) D:9
  Swamp (0/4) Lair:2        Snake (0/4) Lair:3        Slime (0/5) Lair:4
Ossuary (visited)          Bailey (visited)
    Orc: D:9-12

Altars:
Ashenzari
Cheibriados
Dithmenos
Elyvilon
Fedhas
Gozag
Hepliaklqana
Makhleb
Nemelex Xobeh
Okawaru
Qazlal
Ru
Trog
Uskayaw
Xom
Yredelemnul
Zin
Jiyva

Shops:
D:2 ?   D:8 **

Annotations:
D:8 exclusion: downstairs
Lair:4 1 runed translucent door, barkas's ghost, journeyman DsSu


Innate Abilities, Weirdness & Mutations

You are immune to sickness and miasma.
You are immune to poison.
Your flesh is very heat resistant. (rF++)
You are vulnerable to cold. (rC-)
You float through the air rather than walking.
You learn spells naturally, not from books.
Your magical power is your life essence.
You have superior vitality. (+4 MHP)


Message History

Flame seeps out of the death yak.
You hear an angry hiss.
Casting: Scorch (safe; 0% risk of failure)
Confirm with . or Enter, or press ? or * to list all spells.
You don't know that spell.
Unknown command.
Casting: Scorch (safe; 0% risk of failure)
Confirm with . or Enter, or press ? or * to list all spells.
You feel a surge of power!
Flames lash the yak.
The yak is heavily wounded.
The yak's fire resistance burns away.
You are engulfed in blazing flames.
You resist.
The death yak is engulfed in blazing flames.
Flame seeps out of the death yak.
The death yak gores you!!
* * * LOW HITPOINT WARNING * * *
The death yak is engulfed in blazing flames.
Flame seeps out of the death yak.
The death yak barely misses you.
Casting: Scorch (safe; 0% risk of failure)
Confirm with . or Enter, or press ? or * to list all spells.
You feel a surge of power!
Flames lash the death yak.
The death yak is lightly wounded.
The death yak's fire resistance burns away.
* * * LOW HITPOINT WARNING * * *
You are engulfed in blazing flames.
You resist.
* * * LOW HITPOINT WARNING * * *
The death yak is engulfed in blazing flames.
Flame seeps out of the death yak.
The death yak gores you!
* * * LOW HITPOINT WARNING * * *
The death yak is engulfed in blazing flames.
The death yak explodes!
The fiery explosion engulfs the death yak!!
The death yak is moderately wounded.
The fiery explosion engulfs you. You resist.
* * * LOW HITPOINT WARNING * * *
The fiery explosion engulfs the death yak!!
The death yak explodes!
The fiery explosion engulfs the death yak!
The death yak is heavily wounded.
The fiery explosion engulfs you. You resist.
You die...

## ##...<...Y.....
* * .#
#............. .#
##.#......(..## ##
#.###....Y....#**,,
# ####.#.......#, ,
, ######.......YY#,
,, ,
...#.........Y§##*
, ,
...........:.YY§##
, ,
..............§°@#
,
..............§§§#
....(...........##
,,,
P...#...........# ,
..###.#.......PP# *
..P##..##......## *
...............#
..............## *
...............# *


You could see 2 death yaks and 4 yaks.

Vanquished Creatures
  4 hydras
  Erica (D:11)
  A boulder beetle (Lair:2)
  A catoblepas (Lair:1)
  2 two-headed ogres (D:9)
  7 death yaks
  A swamp dragon (Lair:5)
  4 bog bodies (Lair:2)
  Pikel (D:6)
  An orc knight (Bailey)
  A deep elf pyromancer (Bailey)
  A black mamba (Lair:3)
  5 elephants (Lair:5)
  7 cane toads
  Maggie (D:8)
  An unseen horror (D:9)
  3 komodo dragons
  8 rime drakes
  2 kobold demonologists (D:9)
  6 polar bears
  Prince Ribbit (D:8)
  A hornet (Lair:2)
  6 blink frogs
  A slime creature (D:11)
  Sigmund (D:3)
  29 yaks
  A vampire (D:6)
  12 wyverns
  9 basilisks
  7 steam dragons
  2 swamp worms (Lair:2)
  2 nagas (Lair:3)
  An acid dragon (D:11)
  8 water moccasins
  7 orc warriors
  2 ice beasts (D:5)
  A sky beast (D:7)
  2 black bears
  An ogre (D:6)
  5 wolves
  3 centaurs
  A phantom (D:6)
  5 kobold brigands
  9 bullfrogs
  3 scorpions
  A gnoll sergeant (D:6)
  A necrophage (D:5)
  8 wights (D:9)
  17 killer bees
  5 howler monkeys (D:7)
  An electric eel (Lair:2)
  A centaur zombie (Ossuary)
  4 human zombies (Ossuary)
  A gnoll bouda (D:7)
  4 hounds
  5 jellies
  4 orc priests
  Terence (D:3)
  2 iguanas
  7 orc wizards
  5 hell rats (Lair:4)
  2 mummies (Ossuary)
  Robin (D:3)
  5 adders
  10 gnolls
  2 shadow imps
  A white imp (D:5)
  An ufetubus (D:5)
  2 worms
  3 dart slugs
  28 orcs
  6 ball pythons
  5 endoplasms
  3 giant cockroaches
  17 goblins
  13 hobgoblins
  6 quokkas
  7 bats
  2 frilled lizards
  2 goblin zombies (Ossuary)
  11 hobgoblin zombies (Ossuary)
  A jackal zombie (Ossuary)
  20 kobolds
  8 kobold zombies (Ossuary)
  8 orc zombies (Ossuary)
  6 rats
  2 rat zombies (Ossuary)
417 creatures vanquished.

Vanquished Creatures (collateral kills)
  3 black mambas
  3 cane toads
  6 rime drakes (Lair:3)
  A komodo dragon (Lair:4)
  A polar bear (Lair:3)
  2 blink frogs
  A wyvern (Lair:4)
  6 yaks
  5 basilisks
  5 steam dragons (Lair:3)
  2 nagas (Lair:3)
  An acid dragon (Lair:3)
  A water moccasin (Lair:4)
  A wolf (Lair:3)
  A bullfrog (Lair:3)
  An electric eel (Lair:2)
  A hell rat (Lair:4)
  7 foxfires
48 creatures vanquished.

Vanquished Creatures (others)
  A steam dragon (Lair:3)
  2 bushes
  737 foxfires
  33 fungi
  56 plants
829 creatures vanquished.

Grand Total: 1294 creatures vanquished

Notes
Turn   | Place    | Note
-------+----------+-------------------------------------------
     0 | D:1      | jimonade the Djinni Fire Elementalist began the quest for
                  | the Orb.
     0 | D:1      | jimonade set off with the following spells memorised:
                  | Foxfire, Scorch, Kindle Blastsparks, Inner Flame, Flame
                  | Wave.
     0 | D:1      | Reached XP level 1. HP: 15/15 MP: 0/0
   155 | D:1      | Reached XP level 2. HP: 19/21 MP: 0/0
   271 | D:1      | Reached skill level 3 in Spellcasting
   453 | D:1      | Found a faded altar of an unknown god.
   485 | D:1      | Reached XP level 3. HP: 24/25 MP: 0/0
   485 | D:1      | Learned a level 1 spell: Kiss of Death
  1481 | D:2      | Found The Oracle's Delphic Readings.
  1616 | D:3      | Noticed Robin
  1621 | D:3      | Killed Robin
  1622 | D:3      | Reached XP level 4. HP: 25/31 MP: 0/0
  1774 | D:3      | Noticed Terence
  1779 | D:3      | Killed Terence
  1780 | D:3      | Reached skill level 4 in Spellcasting
  1884 | D:3      | Noticed Sigmund
  1886 | D:3      | Reached XP level 5. HP: 24/35 MP: 0/0
  1886 | D:3      | Learned a level 2 spell: Searing Ray
  1934 | D:3      | Killed Sigmund
  1935 | D:3      | Reached skill level 5 in Spellcasting
  1935 | D:3      | Reached XP level 6. HP: 35/41 MP: 0/0
  2764 | D:4      | Reached XP level 7. HP: 20/46 MP: 0/0
  2764 | D:4      | Learned a level 3 spell: Ozocubu's Armour
  3707 | D:5      | Entered Level 5 of the Dungeon
  3840 | D:5      | Reached skill level 6 in Spellcasting
  4039 | D:5      | Reached XP level 8. HP: 38/51 MP: 0/0
  4178 | D:5      | Reached skill level 7 in Spellcasting
  4456 | D:6      | Noticed a vampire
  4456 | D:6      | Found a sacrificial altar of Ru.
  4742 | D:6      | Found a staircase to the Ecumenical Temple.
  4895 | D:6      | Reached skill level 8 in Spellcasting
  4965 | Temple   | Entered the Ecumenical Temple
  5049 | D:6      | Killed a vampire
  5050 | D:6      | Reached XP level 9. HP: 30/56 MP: 0/0
  5050 | D:6      | Learned a level 3 spell: Mephitic Cloud
  5296 | D:6      | Noticed Pikel
  5307 | D:6      | Killed Pikel
  5308 | D:6      | Reached skill level 9 in Spellcasting
  5833 | D:7      | Found a bloodstained altar of Trog.
  5910 | D:7      | Found a sand-covered staircase.
  5924 | Ossuary  | Entered an ossuary
  6774 | D:7      | Reached skill level 10 in Spellcasting
  6973 | D:7      | Reached XP level 10. HP: 52/61 MP: 0/0
  7475 | D:8      | Found Adoblaoh's General Store.
  7479 | D:8      | Found Syfiec's Specific Store.
  7534 | D:8      | Noticed Prince Ribbit
  7541 | D:8      | Killed Prince Ribbit
  7991 | D:8      | Noticed a centaur warrior
  7991 | D:8      | Noticed a centaur warrior
  7991 | D:8      | Noticed a centaur warrior
  7991 | D:8      | Noticed a two-headed ogre
  8008 | D:8      | Noticed a rakshasa
  8009 | D:8      | Noticed a centaur warrior
  8023 | D:8      | Noticed a cyan ugly thing
  8036 | D:8      | Noticed a brown ugly thing
  8048 | D:8      | Reached skill level 11 in Spellcasting
  8304 | D:8      | Noticed Maggie
  8310 | D:8      | Killed Maggie
  8762 | D:8      | Found a broken altar of Ashenzari.
  8837 | D:8      | Became a worshipper of Ashenzari the Shackled
  8963 | D:9      | Reached skill level 1 in Fighting
  8963 | D:9      | Reached skill level 1 in Armour
  8990 | D:9      | Reached skill level 1 in Shields
  8990 | D:9      | Reached XP level 11. HP: 19/67 MP: 0/0
  8990 | D:9      | Learned a level 5 spell: Yara's Violent Unravelling
  8997 | D:9      | Reached skill level 12 in Spellcasting
  9600 | D:9      | Found an iron altar of Okawaru.
  9669 | D:9      | Noticed a two-headed ogre
  9686 | D:9      | Killed a two-headed ogre
  9713 | D:9      | Found a shimmering altar of Xom.
  9717 | D:9      | Found a blossoming altar of Fedhas.
  9776 | D:9      | Found a staircase to the Lair.
 10188 | D:9      | Noticed a two-headed ogre
 10205 | D:9      | Killed a two-headed ogre
 10470 | D:9      | Found a stormy altar of Qazlal.
 10771 | D:10     | Entered Level 10 of the Dungeon
 10793 | D:10     | Reached skill level 13 in Spellcasting
 11065 | D:10     | Found a flagged portal.
 11075 | Bailey   | Entered a bailey
 11304 | Bailey   | Found a large runed translucent door.
 11304 | Bailey   | Found a large runed translucent door.
 11314 | Bailey   | Noticed an orc knight
 11334 | Bailey   | Killed an orc knight
 11510 | Bailey   | Noticed a deep elf pyromancer
 11584 | Bailey   | Killed a deep elf pyromancer
 11585 | Bailey   | Reached XP level 12. HP: 67/78 MP: 0/0
 11644 | Bailey   | Identified the +5 ring mail "Nuimas" {rN+}
 12219 | D:11     | Noticed Erica
 12227 | D:11     | Killed Erica
 12454 | Lair:1   | Entered Level 1 of the Lair of Beasts
 12455 | Lair:1   | Upgraded the game from 0.30-a0-799-g109b55a442 to
                  | 0.30-a0-800-g7c544603b3
 13274 | Lair:1   | Reached skill level 5 in Fighting
 13309 | Lair:1   | Reached * piety under Ashenzari
 13494 | Lair:1   | Reached skill level 14 in Spellcasting
 13500 | Lair:1   | Noticed a seven-headed hydra
 13506 | Lair:1   | Killed a seven-headed hydra
 14268 | Lair:1   | Reached ** piety under Ashenzari
 14458 | Lair:1   | Noticed a catoblepas
 14470 | Lair:1   | Killed a catoblepas
 14764 | Lair:1   | Identified the Thoughts on Freezing Darkness
 14907 | Lair:2   | Noticed a boulder beetle
 14941 | Lair:2   | Killed a boulder beetle
 14942 | Lair:2   | Reached XP level 13. HP: 6/94 MP: 0/0
 14942 | Lair:2   | Learned a level 5 spell: Summon Mana Viper
 15834 | Lair:2   | Identified the Textbook on Pestilent Phlogiston
 15930 | Lair:2   | Reached skill level 5 in Armour
 16457 | Lair:2   | Found a staircase to the Swamp.
 16652 | Lair:3   | Reached *** piety under Ashenzari
 17020 | Lair:3   | Found a staircase to the Snake Pit.
 18123 | Lair:3   | Reached skill level 5 in Shields
 18158 | Lair:3   | Identified the +1 pair of boots "Xioli" {Rampage rPois}
 18984 | Lair:4   | Found a staircase to the Slime Pits.
 18984 | Lair:4   | Found a viscous altar of Jiyva.
 19012 | Lair:4   | Reached XP level 14. HP: 86/110 MP: 0/0
 19881 | Lair:4   | Found a runed translucent door.
 19882 | Lair:4   | Noticed barkas's ghost (journeyman DsSu)
 19968 | Lair:4   | Reached skill level 5 in Dodging
 21347 | Lair:5   | Entered Level 5 of the Lair of Beasts
 22171 | Lair:5   | Killed by an exploding death yak... ignited by their inner
                  | flame

Illustrated notes

Levels and vault maps discovered:
D:1:      nicolae_arrival_memento_mori, layout_loops_ring,
          ebering_ecumenical_altar_sacrificial
D:2:      layout_rooms, minmay_misc_feat_five, nicolae_nh_oracle_at_delphi
D:3:      layout_rooms, uniq_robin, uniq_sigmund, uniq_terence
D:4:      layout_loops_ring, kennysheep_mini_moat
D:5:      layout_basic
D:6:      layout_rooms, mainiacjoe_overflow_alcove_1,
          minmay_temple_entry_stoned_glass, corexii_hall_statues_i, uniq_pikel
D:7:      layout_basic, mainiacjoe_overflow_paths, nicolae_ossuary_entry_plus,
          minmay_holes
D:8:      layout_basic, nicolae_ashenzari_skybound, lemuel_tele_altar,
          nicolae_specific_store, minivault_12, uniq_prince_ribbit1, uniq_maggie
D:9:      layout_roguey, mainiacjoe_overflow_24_doors,
          mainiacjoe_overflow_concentric_impassable,
          nicolae_overflow_hidden_temple, minmay_lair_entry_grove
D:10:     layout_basic, enter_bailey_3
D:11:     layout_long_grid, erik_orc_3, uniq_erica
Temple:   minmay_freezing_vapour_temple
Lair:1:   layout_regular_city, cheibrodos_lair_lostbears,
          infiniplex_staircase_pool, serial_bayou_shore_b
Lair:2:   layout_loops_ring, nicolae_swamp_entry_splash_gauntlet,
          pdpol_lair_cavern_descent
Lair:3:   layout_regular_city, minmay_snake_entry_guardpost_small,
          bobbens_dragon_lair_wall
Lair:4:   layout_roguey [special_room_mythical_zoo], slime_entry_1,
          ebering_ghost_inner_flame
Lair:5:   cheibrodos_lair_end_hotspot, layout_gridlike,
          eino_small_chamber_without_monster, hibernation_bobbens

Skill      XL: |  1  2  3  4  5  6  7  8  9 10 11 12 13 14 |
---------------+-------------------------------------------+-----
Spellcasting   | 3 4 5 6 8 10 11 13 14 | 14.5
Dodging        | 3 4 6 |  6.0
Fighting       | 1 4 6 9 |  9.8
Armour         | 1 3 6 8 |  8.3
Shields        | 1 2 3 5 8 |  8.9
Short Blades   | |  0.1
Stealth        | |  1.5

Action                     |  1- 3 |  4- 6 |  7- 9 | 10-12 | 13-15 || total
---------------------------+-------+-------+-------+-------+-------++-------
  Melee: Dagger            |       |       |     1 |       |       ||     1
         Staff             |       |       |       |     4 |       ||     4
   Cast: Foxfire           |    77 |    48 |   143 |   108 |   105 ||   481
         Scorch            |     5 |    23 |   122 |   289 |   204 ||   643
         Inner Flame       |       |     1 |       |    41 |    42 ||    84
         Ozocubu's Armour  |       |       |    13 |    39 |    26 ||    78
         Searing Ray       |       |       |     1 |     1 |     1 ||     3
         Mephitic Cloud    |       |       |     2 |     6 |     1 ||     9
         Yara's Violent Un |       |       |       |     3 |       ||     3
         Kindle Blastspark |       |       |       |     1 |       ||     1
         Summon Mana Viper |       |       |       |       |    59 ||    59
 Invoke: Curse Item        |       |       |       |     3 |     1 ||     4
    Use: Scroll            |       |       |    17 |     5 |       ||    22
 Armour: Robe              |     2 |     2 |     8 |       |       ||    12
         Ring mail         |       |       |     9 |    51 |    63 ||   123
         Steam dragon scal |       |       |       |     7 |       ||     7
  Dodge: Dodged            |    15 |     7 |    28 |    56 |    62 ||   168
  Block: Kite shield       |       |       |     7 |    74 |    63 ||   144

Table legend: (Time is in decaauts)
 A = Elapsed time spent in this place.
 B = Non-inter-level travel time spent in this place.
 C = Inter-level travel time spent in this place.
 D = Time resting spent in this place.
 E = Time spent auto-exploring this place.
 F = Levels seen in this place.
 G = Mean time per level.
                   A        B        C        D        E       F      G
               +--------+--------+--------+--------+--------+-----+--------+
         Total |  22192 |  21387 |    805 |   5105 |  11048 |  19 | 1168.0 |
       Dungeon |  11816 |  11132 |    684 |   2051 |   6895 |  11 | 1074.2 |
        Temple |     51 |     51 |      0 |      0 |     10 |   1 |   51.0 |
          Lair |   8964 |   8844 |    120 |   2531 |   3990 |   5 | 1792.8 |
       Ossuary |    701 |    701 |      0 |    353 |     13 |   1 |  701.0 |
        Bailey |    658 |    658 |      0 |    170 |    140 |   1 |  658.0 |
               +--------+--------+--------+--------+--------+-----+--------+

Top non-repeatable levels by time:
     D:9: 2283 daAuts
  Lair:2: 2266 daAuts
  Lair:4: 2217 daAuts
  Lair:3: 2084 daAuts
     D:8: 1908 daAuts
  Lair:1: 1805 daAuts
     D:3: 1228 daAuts
     D:5: 1134 daAuts
     D:1: 1109 daAuts
     D:6: 914 daAuts
    D:10: 907 daAuts
     D:7: 868 daAuts
     D:4: 812 daAuts
 Ossuary: 701 daAuts
  Bailey: 658 daAuts
